NWL (28 & UNDER)
MENLO MANIACS @ RIVERSIDE RED BULLS
07/09/2030
 
TOP OF THE 1ST
Menlo Maniacs batting - Pitching for Riverside Red Bulls : RHP Juan Padilla
Pitching: RHP Juan Padilla
Batting: LHB Derrek Robinson 0-0: Foul Ball, location: 2F
0-1: Ball
1-1: Ball
2-1: Ball
3-1: Fly out, F7 (Flyball, 7LSF)
Batting: RHB William Rogers 0-0: Swinging Strike
0-1: Called Strike
0-2: Fly out, F3 (Popup, 23F)
Batting: RHB Currito Campos 0-0: Called Strike
0-1: Fly out, F5 (Line Drive, 56)
Top of the 1st over - 0 runs, 0 hits, 0 errors, 0 left on base; Menlo 0 - Riverside 0
BOTTOM OF THE 1ST
Riverside Red Bulls batting - Pitching for Menlo Maniacs : LHP Pedro Castro
Pitching: LHP Pedro Castro
Batting: SHB Carlos Ramírez 0-0: Ball
1-0: Ball
2-0: Swinging Strike
2-1: SINGLE (Line Drive, 56)
Batting: RHB Bobby Miller 0-0: Ball
1-0: Called Strike
Carlos Ramírez steals 2nd base
1-1: Ball
2-1: Ball
3-1: SINGLE (Line Drive, 8RS)
Carlos Ramírez to third
Runner from 3rd tries for Home, SAFE, no throw
Batting: RHB Rich Crabtree 0-0: Fly out, F7 (Flyball, 78M)
Batting: LHB Gabriel Estrada 0-0: Ball
1-0: Foul Ball, location: 2F
1-1: Ball
2-1: Ball
3-1: Base on Balls
Bobby Miller to second
Batting: RHB John Burton 0-0: Called Strike
0-1: Swinging Strike
0-2: Grounds into double play, 1-4-3 (Groundball, 15)
Bottom of the 1st over - 1 run, 2 hits, 0 errors, 1 left on base; Menlo 0 - Riverside 1
TOP OF THE 2ND
Menlo Maniacs batting - Pitching for Riverside Red Bulls : RHP Juan Padilla
Batting: RHB Eleuterio Supardo 0-0: Swinging Strike
0-1: Ball
1-1: Foul Ball, location: 2F
1-2: Fly out, F6 (Line Drive, 56)
Batting: SHB Ryan Holcomb 0-0: Called Strike
0-1: Called Strike
0-2: Ball
1-2: Strikes out looking
Batting: RHB Ben Byrd 0-0: Swinging Strike
0-1: Ball
1-1: Called Strike
1-2: Ball
2-2: Foul Ball, location: 2F
2-2: Foul Ball, location: 2F
2-2: Strikes out swinging
Top of the 2nd over - 0 runs, 0 hits, 0 errors, 0 left on base; Menlo 0 - Riverside 1
BOTTOM OF THE 2ND
Riverside Red Bulls batting - Pitching for Menlo Maniacs : LHP Pedro Castro
Batting: RHB Robert Stevens 0-0: Swinging Strike
0-1: Ball
1-1: Ball
2-1: Called Strike
2-2: Strikes out swinging
Batting: RHB Randall Luna 0-0: Ball
1-0: Swinging Strike
1-1: Ball
2-1: Ball
3-1: Foul Ball, location: 2F
3-2: Strikes out looking
Batting: LHB Miguel Gálvez 0-0: Foul Ball, location: 2F
0-1: Swinging Strike
0-2: Ball
1-2: Ground out U3 (Groundball, 34)
Bottom of the 2nd over - 0 runs, 0 hits, 0 errors, 0 left on base; Menlo 0 - Riverside 1
TOP OF THE 3RD
Menlo Maniacs batting - Pitching for Riverside Red Bulls : RHP Juan Padilla
Batting: RHB José García 0-0: Ball
1-0: Ground out 6-3 (Groundball, 6M)
Batting: SHB Von Smith 0-0: Ball
1-0: SINGLE (Groundball, 56D)
Batting: RHB Jason Patrick 0-0: Called Strike
0-1: Called Strike
0-2: Ball
1-2: SINGLE (Groundball, 56D)
Von Smith to second
Batting: LHB Derrek Robinson 0-0: Grounds into double play, 6-4-3 (Groundball, 56)
Top of the 3rd over - 0 runs, 2 hits, 0 errors, 1 left on base; Menlo 0 - Riverside 1
BOTTOM OF THE 3RD
Riverside Red Bulls batting - Pitching for Menlo Maniacs : LHP Pedro Castro
Batting: RHB Juan Morales 0-0: Called Strike
0-1: Called Strike
0-2: Fly out, F8 (Flyball, 8LD)
Batting: SHB Carlos Ramírez 0-0: Called Strike
0-1: Ball
1-1: Ground out 5-3 (Groundball, 56)
Batting: RHB Bobby Miller 0-0: Called Strike
0-1: Ball
1-1: Ball
2-1: Foul Ball, location: 2F
2-2: Fly out, F6 (Line Drive, 6)
Bottom of the 3rd over - 0 runs, 0 hits, 0 errors, 0 left on base; Menlo 0 - Riverside 1
TOP OF THE 4TH
Menlo Maniacs batting - Pitching for Riverside Red Bulls : RHP Juan Padilla
Batting: RHB William Rogers 0-0: Ball
1-0: Fly out, F7 (Line Drive, 7)
Batting: RHB Currito Campos 0-0: Called Strike
0-1: Ball
1-1: Fly out, F8 (Line Drive, 8LM)
Batting: RHB Eleuterio Supardo 0-0: Ball
1-0: Foul Ball, location: 2F
1-1: Ball
2-1: Called Strike
2-2: Strikes out swinging
Top of the 4th over - 0 runs, 0 hits, 0 errors, 0 left on base; Menlo 0 - Riverside 1
BOTTOM OF THE 4TH
Riverside Red Bulls batting - Pitching for Menlo Maniacs : LHP Pedro Castro
Batting: RHB Rich Crabtree 0-0: Ball
1-0: Ground out 6-3 (Groundball, 6)
Batting: LHB Gabriel Estrada 0-0: Ball
1-0: Called Strike
1-1: Swinging Strike
1-2: Fly out, F6 (Line Drive, 56)
Batting: RHB John Burton 0-0: Called Strike
0-1: Ball
1-1: Called Strike
1-2: Ball
2-2: Ball
3-2: Base on Balls
Batting: RHB Robert Stevens 0-0: Ball
1-0: Called Strike
1-1: Ball
2-1: Ball
3-1: Called Strike
3-2: SINGLE (Flyball, 9LS)
John Burton to second
John Burton to third
Batting: RHB Randall Luna 0-0: Called Strike
0-1: SINGLE (Groundball, 6MS) (infield hit)
John Burton scores
Robert Stevens to second
Pinch Runner at 1st Luis Flores:
Batting: LHB Miguel Gálvez 0-0: Ball
1-0: Ball
2-0: Ball
3-0: Called Strike
3-1: Swinging Strike
3-2: Fly out, F9 (Flyball, 9S)
Bottom of the 4th over - 1 run, 2 hits, 0 errors, 2 left on base; Menlo 0 - Riverside 2
TOP OF THE 5TH
Menlo Maniacs batting - Pitching for Riverside Red Bulls : RHP Juan Padilla
Now in LF: Luis Flores
Batting: SHB Ryan Holcomb 0-0: Ball
1-0: Foul Ball, location: 2F
1-1: Ball
2-1: Fly out, F8 (Flyball, 8LD)
Batting: RHB Ben Byrd 0-0: Ball
1-0: Foul Ball, location: 2F
1-1: Called Strike
1-2: Ground out 6-3 (Groundball, 6)
Batting: RHB José García 0-0: Foul Ball, location: 2F
0-1: Foul Ball, location: 2F
0-2: Strikes out swinging, 2-3 out at first.
Top of the 5th over - 0 runs, 0 hits, 0 errors, 0 left on base; Menlo 0 - Riverside 2
BOTTOM OF THE 5TH
Riverside Red Bulls batting - Pitching for Menlo Maniacs : LHP Pedro Castro
Batting: RHB Juan Morales 0-0: Ball
1-0: Called Strike
1-1: Called Strike
1-2: Foul Ball, location: 2F
1-2: Ball
2-2: Ball
3-2: Base on Balls
Batting: SHB Carlos Ramírez 0-0: Ball
1-0: Ball
2-0: Grounds into double play, 6-4-3 (Groundball, 6)
Batting: RHB Bobby Miller 0-0: Reached on error, E5 (Groundball, 56)
Batting: RHB Rich Crabtree 0-0: Ball
1-0: Called Strike
1-1: Ball
2-1: Foul Ball, location: 2F
2-2: Ball
3-2: Strikes out swinging
Bottom of the 5th over - 0 runs, 0 hits, 1 error, 1 left on base; Menlo 0 - Riverside 2
TOP OF THE 6TH
Menlo Maniacs batting - Pitching for Riverside Red Bulls : RHP Juan Padilla
Batting: SHB Von Smith 0-0: SINGLE (Groundball, 6MD)
Batting: RHB Jason Patrick 0-0: Foul Ball, location: 2F
0-1: Ball
1-1: Ball
2-1: Ball
3-1: Base on Balls
Von Smith to second
Batting: LHB Derrek Robinson 0-0: Swinging Strike
0-1: Called Strike
0-2: 3-RUN HOME RUN (Flyball, 9D), Distance : 399 ft
Batting: RHB William Rogers 0-0: Ball
1-0: Ball
2-0: Foul Ball, location: 2F
2-1: Fly out, F8 (Flyball, 8LD)
Batting: RHB Currito Campos 0-0: Swinging Strike
0-1: Foul Ball, location: 2F
0-2: Ball
1-2: Strikes out swinging
Batting: RHB Eleuterio Supardo 0-0: Ball
1-0: Called Strike
1-1: Swinging Strike
1-2: Foul Ball, location: 2F
1-2: Ball
2-2: Strikes out looking
Top of the 6th over - 3 runs, 2 hits, 0 errors, 0 left on base; Menlo 3 - Riverside 2
BOTTOM OF THE 6TH
Riverside Red Bulls batting - Pitching for Menlo Maniacs : LHP Pedro Castro
Batting: LHB Gabriel Estrada 0-0: Ball
1-0: DOUBLE (Flyball, 78XD)
Batting: RHB John Burton 0-0: Ball
1-0: Ball
2-0: Ground out 6-3 (Groundball, 6)
Gabriel Estrada to third
Batting: RHB Robert Stevens 0-0: Ball
1-0: Called Strike
1-1: Ball
2-1: Ball
3-1: Foul Ball, location: 2F
3-2: Base on Balls
Batting: RHB Luis Flores 0-0: Ball
1-0: Foul Ball, location: 2F
1-1: Fly out, F8 (Line Drive, 8RM)
Runner from 3rd tags up, SCORES, throw made
Batting: LHB Miguel Gálvez 0-0: Ball
1-0: Ball
2-0: Ground out 4-3 (Groundball, 4)
Bottom of the 6th over - 1 run, 1 hit, 0 errors, 1 left on base; Menlo 3 - Riverside 3
TOP OF THE 7TH
Menlo Maniacs batting - Pitching for Riverside Red Bulls : RHP Juan Padilla
Batting: SHB Ryan Holcomb 0-0: Ball
1-0: Ball
2-0: Swinging Strike
2-1: Ball
3-1: Base on Balls
Pinch Hitting: LHB Robby Lawson 0-0: Called Strike
0-1: Ball
1-1: Swinging Strike
1-2: Ground out U3 (Groundball, 34)
Ryan Holcomb to second
Batting: RHB José García 0-0: Ball
1-0: Ground out U3 (Groundball, 3)
Ryan Holcomb to third
Pitching: LHP Monty Williams
Batting: SHB Von Smith 0-0: Ball
1-0: Called Strike
1-1: SINGLE (Groundball, 56S) (infield hit)
Ryan Holcomb scores
Pinch Hitting: RHB José Méndez 0-0: Called Strike
0-1: Foul Ball, location: 2F
0-2: Ball
1-2: Strikes out looking
Top of the 7th over - 1 run, 1 hit, 0 errors, 1 left on base; Menlo 4 - Riverside 3
BOTTOM OF THE 7TH
Riverside Red Bulls batting - Pitching for Menlo Maniacs : LHP Pedro Castro
Pitching: RHP Jesús Martínez
Now at 2B: Dani Torres
Now in RF: Byron Bracy
Batting: RHB Juan Morales 0-0: Ball
1-0: Foul Ball, location: 2F
1-1: Fly out, F9 (Flyball, 9S)
Batting: SHB Carlos Ramírez 0-0: Ball
1-0: Ball
2-0: Swinging Strike
SINGLE, but batter called out on appeal for missing first base!
Batting: RHB Bobby Miller 0-0: Swinging Strike
0-1: Ball
1-1: Foul Ball, location: 2F
1-2: Foul Ball, location: 2F
1-2: Fly out, F8 (Flyball, 8LS)
Bottom of the 7th over - 0 runs, 0 hits, 0 errors, 0 left on base; Menlo 4 - Riverside 3
TOP OF THE 8TH
Menlo Maniacs batting - Pitching for Riverside Red Bulls : LHP Monty Williams
Batting: LHB Derrek Robinson 0-0: Called Strike
0-1: Called Strike
0-2: Strikes out swinging
Batting: RHB William Rogers 0-0: Ball
1-0: Called Strike
1-1: Called Strike
1-2: Ball
2-2: Foul Ball, location: 2F
2-2: Strikes out swinging
Batting: RHB Currito Campos 0-0: Ball
1-0: Ball
2-0: Foul Ball, location: 2F
2-1: Ball
3-1: Base on Balls
Batting: RHB Eleuterio Supardo 0-0: Called Strike
0-1: Ball
1-1: Called Strike
1-2: Foul Ball, location: 2F
1-2: Foul Ball, location: 2F
1-2: Ball
2-2: Foul Ball, location: 2F
2-2: Ball
3-2: Foul Ball, location: 2F
3-2: Base on Balls
Currito Campos to second
Batting: SHB Ryan Holcomb 0-0: Called Strike
0-1: Ball
1-1: Foul Ball, location: 2F
1-2: Foul Ball, location: 2F
1-2: Strikes out swinging
Top of the 8th over - 0 runs, 0 hits, 0 errors, 2 left on base; Menlo 4 - Riverside 3
BOTTOM OF THE 8TH
Riverside Red Bulls batting - Pitching for Menlo Maniacs : RHP Jesús Martínez
Batting: RHB Rich Crabtree 0-0: Ball
1-0: Ball
2-0: Ball
3-0: Called Strike
3-1: Fly out, F5 (Line Drive, 56)
Batting: LHB Gabriel Estrada 0-0: Ball
1-0: Ball
2-0: SINGLE (Groundball, 56D)
Pitching: RHP Brad Small
Batting: RHB John Burton 0-0: Ball
1-0: Ball
2-0: Foul Ball, location: 2F
2-1: Foul Ball, location: 2F
2-2: Ball
3-2: Base on Balls
Gabriel Estrada to second
Batting: RHB Robert Stevens 0-0: Fly out, F6 (Popup, 6S)
Pinch Hitting: SHB Enrique Uribe 0-0: Called Strike
0-1: Ball
1-1: SINGLE (Line Drive, 7LS)
Gabriel Estrada to third
John Burton to second
Batting: LHB Miguel Gálvez 0-0: Called Strike
0-1: Foul Ball, location: 2F
0-2: Strikes out swinging
Bottom of the 8th over - 0 runs, 2 hits, 0 errors, 3 left on base; Menlo 4 - Riverside 3
TOP OF THE 9TH
Menlo Maniacs batting - Pitching for Riverside Red Bulls : LHP Monty Williams
Now in LF: Enrique Uribe
Batting: RHB Dani Torres 0-0: Ball
1-0: Swinging Strike
1-1: Ball
2-1: Ground out 6-3 (Groundball, 6S)
Batting: RHB José García 0-0: Ball
1-0: Called Strike
1-1: Called Strike
1-2: Ball
2-2: Strikes out swinging
Batting: SHB Von Smith 0-0: Ball
1-0: Ball
2-0: Ball
3-0: Base on Balls
Pinch Hitting: RHB Clinton Barton 0-0: Ball
Von Smith steals 2nd base
1-0: Ball
2-0: Called Strike
2-1: Ball
3-1: Called Strike
3-2: Fly out, F7 (Flyball, 7LSF)
Top of the 9th over - 0 runs, 0 hits, 0 errors, 1 left on base; Menlo 4 - Riverside 3
BOTTOM OF THE 9TH
Riverside Red Bulls batting - Pitching for Menlo Maniacs : RHP Brad Small
Pitching: RHP José Gusmán
Now at C: Glenn Carter
Now in RF: Joe Smith
Batting: RHB Juan Morales 0-0: Ball
1-0: Foul Ball, location: 2F
1-1: Foul Ball, location: 2F
1-2: SINGLE (Line Drive, 4D)
Batting: SHB Carlos Ramírez 0-0: DOUBLE (Line Drive, 9LS)
Juan Morales to third
Runner from 3rd tries for Home, SAFE, throw made at trailing runner, OUT at third!
Batting: RHB Bobby Miller 0-0: Ball
1-0: Ball
2-0: Ball
3-0: Called Strike
3-1: Fly out, F8 (Flyball, 8LS)
Batting: RHB Rich Crabtree 0-0: Swinging Strike
0-1: Foul Ball, location: 2F
0-2: Ball
1-2: Foul Ball, location: 2F
1-2: Foul Ball, location: 2F
1-2: Ball
2-2: Foul Ball, location: 2F
2-2: Fly out, F8 (Flyball, 8RM)
Bottom of the 9th over - 1 run, 2 hits, 0 errors, 0 left on base; Menlo 4 - Riverside 4
TOP OF THE 10TH
Menlo Maniacs batting - Pitching for Riverside Red Bulls : LHP Monty Williams
Pinch Hitting: RHB Jimmy Skinner 0-0: Called Strike
0-1: Foul Ball, location: 2F
0-2: Ball
1-2: Ball
2-2: Foul Ball, location: 2F
2-2: Strikes out swinging
Batting: RHB William Rogers 0-0: Called Strike
0-1: Ball
1-1: Called Strike
1-2: Strikes out looking
Batting: RHB Currito Campos 0-0: Foul Ball, location: 2F
0-1: Ball
1-1: Ball
2-1: Ball
3-1: Called Strike
3-2: Fly out, F9 (Flyball, 9LM)
Top of the 10th over - 0 runs, 0 hits, 0 errors, 0 left on base; Menlo 4 - Riverside 4
BOTTOM OF THE 10TH
Riverside Red Bulls batting - Pitching for Menlo Maniacs : RHP José Gusmán
Now in CF: Jimmy Skinner
Batting: LHB Gabriel Estrada 0-0: SINGLE (Groundball, 56S) (infield hit)
Batting: RHB John Burton 0-0: Swinging Strike
0-1: Foul Ball, location: 2F
0-2: Ball
1-2: Strikes out swinging
Batting: RHB Robert Stevens 0-0: Foul Ball, location: 2F
0-1: Ball
1-1: SINGLE (Line Drive, 56D)
Gabriel Estrada to second
Batting: SHB Enrique Uribe 0-0: Fielders Choice at 2nd, 5-4 (Groundball, 56)
Gabriel Estrada to third
Batting: LHB Miguel Gálvez 0-0: Ball
1-0: Foul Ball, location: 2F
1-1: Ball
2-1: Called Strike
2-2: Fielders Choice at 2nd, U4 (Groundball, 4M)
Bottom of the 10th over - 0 runs, 2 hits, 0 errors, 2 left on base; Menlo 4 - Riverside 4
TOP OF THE 11TH
Menlo Maniacs batting - Pitching for Riverside Red Bulls : LHP Monty Williams
Batting: RHB Eleuterio Supardo 0-0: Called Strike
0-1: Swinging Strike
0-2: Ball
1-2: Foul Ball, location: 2F
1-2: Ball
2-2: Strikes out swinging
Batting: SHB Ryan Holcomb 0-0: Called Strike
0-1: Ball
1-1: Swinging Strike
1-2: Ball
2-2: Strikes out swinging
Batting: RHB Dani Torres 0-0: Ball
1-0: Ball
2-0: Swinging Strike
2-1: Ball
3-1: Base on Balls
Pinch Hitting: RHB Danny Boykins 0-0: Fly out, F8 (Flyball, 8LD)
Top of the 11th over - 0 runs, 0 hits, 0 errors, 1 left on base; Menlo 4 - Riverside 4
BOTTOM OF THE 11TH
Riverside Red Bulls batting - Pitching for Menlo Maniacs : RHP José Gusmán
Pitching: RHP Wayne Todd
Now at C: Danny Boykins
Batting: RHB Juan Morales 0-0: Called Strike
0-1: Fly out, F4 (Flyball, 34D)
Batting: SHB Carlos Ramírez 0-0: Ball
1-0: Called Strike
1-1: Hit by Pitch
Pinch Runner at 1st Steve West:
Batting: RHB Bobby Miller 0-0: Ball
1-0: Called Strike
1-1: SINGLE (Groundball, 6MD)
Steve West to second
Runner from 2nd tries for 3rd, SAFE, throw made to third
Batting: RHB Rich Crabtree 0-0: Ball
1-0: Called Strike
1-1: Ball
2-1: Foul Ball, location: 2F
2-2: Ball
3-2: Foul Ball, location: 2F
3-2: SINGLE (Groundball, 56)
Steve West scores
Saturday, April 7th, 2018 - OOTP Baseball 18.8 Build 76